 Dungeon Crawl Stone Soup version 0.25.1-2-g60ff931df9 (webtiles) character file.

Game seed: 16007220461718709878

952 hawla the Twirler (level 7, 0/59 HPs)
             Began as a Minotaur Gladiator on Oct 18, 2020.
             Was an Initiate of Gozag.
             Killed from afar by Sigmund (1 damage)
             ... with a magic dart
             ... on level 5 of the Dungeon.
             The game lasted 00:10:36 (4103 turns).

hawla the Twirler (Minotaur Gladiator)              Turns: 4103, Time: 00:10:38

Health: 0/59       AC:  7    Str: 23 (26) XL:     7   Next: 90%
Magic:  6/6        EV: 13    Int:  3 (5)  God:    Gozag
Gold:   599        SH:  0    Dex: 11 (12) Spells: 6/6 levels left

rFire    + + .     SeeInvis .   m - +0 battleaxe
rCold    + . .     Gourm    .   (shield currently unavailable)
rNeg     . . .     Faith    .   q - +0 ring mail
rPois    +         Spirit   .   c - +0 hat
rElec    +         Reflect  .   (no cloak)
rCorr    +         Harm     .   (no gloves)
MR       .....                  p - +0 pair of boots
Stlth    +.........             (no amulet)
HPRegen  0.19/turn              x - ring of protection from fire
MPRegen  0.10/turn              u - +6 ring of strength

@: mighty, brilliant, resistant, stab, flying, hasted, very quick
A: retaliatory headbutt, horns 2, mutation resistance 1, poison resistance
a: Potion Petition, Call Merchant, Bribe Branch, Renounce Religion


You were on level 5 of the Dungeon.
You worshipped Gozag.
Gozag was pleased with you.
You were not hungry.

You visited 1 branch of the dungeon, and saw 5 of its levels.

You collected 645 gold pieces.
You paid 46 gold pieces to Gozag.

Inventory:

Hand Weapons
 a - a +0 quarterstaff
 m - a +0 battleaxe (weapon)
Missiles
 d - 3 throwing nets
 e - 4 javelins
 o - 11 poisoned darts (quivered)
Armour
 c - a +0 hat (worn)
 j - a +1 chain mail of poison resistance
 p - a +0 pair of boots (worn)
 q - a +0 ring mail (worn)
 t - a +0 plate armour
Jewellery
 b - an uncursed ring of protection from cold
 n - an uncursed ring of resist corrosion
 u - a +6 ring of strength (right hand)
 x - a ring of protection from fire (left hand)
Wands
 g - a wand of digging (2)
 k - a wand of paralysis (10)
Scrolls
 i - a scroll of amnesia {unknown}
Potions
 h - a potion of might
 l - a potion of flight
 r - a potion of degeneration
 s - a potion of stabbing
 w - a potion of brilliance
Comestibles
 f - 3 rations


   Skills:
 + Level 4.2 Fighting
 + Level 2.0 Axes
 + Level 7.1 Staves
 + Level 2.5 Throwing
 + Level 4.3 Armour
 * Level 6.1 Dodging
 + Level 1.1 Stealth


You had 6 spell levels left.
You didn't know any spells.
Your spell library was empty.

Dungeon Overview and Level Annotations

Branches:
Dungeon (5/15)
 Temple: D:4-7

Altars:
Cheibriados
Gozag
Uskayaw

Annotations:
D:5 Sigmund


Innate Abilities, Weirdness & Mutations

You reflexively headbutt those who attack you in melee.
You have a pair of horns on your head.
You are somewhat resistant to further mutation.
Your system is resistant to poisons. (rPois)


Message History

Something hits you!
* * * LOW HITPOINT WARNING * * *
Okay, then. [a] - 0 gold - might, stabbing, haste and resistance [b] - 0 gold - curing and magic [c] - 0 gold - haste and flight Purchase which effect?
You feel very mighty all of a sudden.
You feel ready to backstab.
You feel yourself speed up.
You feel protected. The iguana bites you.
* * * LOW HITPOINT WARNING * * *
Okay, then.
You miss something. Your headbutt misses something.
You closely miss the iguana.
You hear some strange, mumbled words.
A magic dart appears from out of thin air!
The magic dart hits you.
You die...
Your body crumbles into a pile of gold.

....... $
...%.. .#
#.... ...
##...# ..
##....#
#.#(....##
#...l)..(#
#...@<...#
#..{.....#
.....?......#
..........###
.#.##.....#
#. ...$... #
#........
.........#


You could see an iguana.

Vanquished Creatures
  A hippogriff (D:4)
  Menkaure (D:4)
  Duvessa (D:4)
  A phantom (D:4)
  An ogre (D:4)
  Dowan (D:4)
  An orc wizard (D:3)
  A gnoll shaman (D:4)
  Natasha (thrice) (D:4)
  A worker ant zombie (D:5)
  3 gnolls (D:4)
  7 adders
  A shadow imp (D:4)
  An ooze (D:3)
  A worm (D:3)
  A dart slug (D:4)
  3 leopard geckos
  5 orcs
  11 bats
  2 giant cockroaches
  9 goblins
  3 hobgoblins
  3 jackals (D:3)
  6 kobolds
  3 quokkas
  7 frilled lizards
  10 rats
88 creatures vanquished.

Notes
Turn   | Place    | Note
-------+----------+-------------------------------------------
     0 | D:1      | hawla the Minotaur Gladiator began the quest for the Orb.
     0 | D:1      | Reached XP level 1. HP: 18/18 MP: 0/0
   280 | D:1      | Reached XP level 2. HP: 25/25 MP: 1/1
   933 | D:2      | Reached skill level 4 in Staves
   933 | D:2      | Reached XP level 3. HP: 11/30 MP: 2/2
  1281 | D:2      | Found a snail-covered altar of Cheibriados.
  1579 | D:2      | Found an opulent altar of Gozag.
  1596 | D:2      | Became a worshipper of Gozag Ym Sagoz the Greedy
  1883 | D:3      | Reached XP level 4. HP: 37/37 MP: 3/3
  1918 | D:3      | Gained mutation: Your system is resistant to poisons.
                  | (rPois) [potion of mutation]
  1918 | D:3      | Gained mutation: You are somewhat resistant to further
                  | mutation. [potion of mutation]
  2542 | D:3      | Reached skill level 5 in Staves
  2544 | D:3      | Reached XP level 5. HP: 45/45 MP: 4/4
  2722 | D:3      | Found a hide-covered altar of Uskayaw.
  2822 | D:4      | Noticed Natasha
  2831 | D:4      | Killed Natasha
  2831 | D:4      | Reached skill level 1 in Armour
  2831 | D:4      | Reached skill level 5 in Dodging
  2954 | D:4      | Reached skill level 1 in Stealth
  3312 | D:4      | Noticed Duvessa
  3312 | D:4      | Noticed Dowan
  3315 | D:4      | Noticed Menkaure
  3324 | D:4      | Killed Menkaure
  3324 | D:4      | Reached XP level 6. HP: 31/51 MP: 5/5
  3328 | D:4      | Killed Dowan
  3328 | D:4      | Reached skill level 6 in Staves
  3334 | D:4      | Killed Duvessa
  3334 | D:4      | Reached XP level 7. HP: 13/58 MP: 6/6
  3719 | D:4      | Noticed Natasha
  3725 | D:4      | Killed Natasha
  3826 | D:4      | Noticed Natasha
  3836 | D:4      | Killed Natasha
  3926 | D:5      | Entered Level 5 of the Dungeon
  3927 | D:5      | Noticed a hippogriff
  3927 | D:5      | Noticed Sigmund
  4005 | D:4      | Killed a hippogriff
  4005 | D:4      | Reached skill level 1 in Axes
  4005 | D:4      | Reached skill level 7 in Staves
  4102 | D:5      | HP: 1/59 [iguana (4)]
  4103 | D:5      | Killed from afar by Sigmund

Illustrated notes

Levels and vault maps discovered:
D:1:      psy_arrival_conway, layout_loops_ring, minmay_misc_feat_iff
D:2:      layout_rooms, lemuel_crystal_altar, first_ration, cheibriados_altar_1
D:3:      minmay_general_purpose_star, layout_basic,
          eat_drink_and_be_merry_uskayaw
D:4:      layout_cave_pools, serial_bayou_pond_c, minmay_hedge_maze,
          uniq_duvessa, uniq_natasha, uniq_menkaure
D:5:      layout_rooms, chequers_serial_rivers_micro_d, elyvilon_altar_1,
          uniq_sigmund

Skill      XL: |  1  2  3  4  5  6  7 |
---------------+----------------------+-----
Dodging        | 4 5 6 |  6.1
Staves         | 4 5 6 7 |  7.1
Fighting       | 3 4 |  4.2
Armour         | 2 3 4 |  4.3
Stealth        | 1 |  1.1
Axes           | 2 |  2.0
Throwing       | |  2.5

Action                   |  1- 3 |  4- 6 |  7- 9 || total
-------------------------+-------+-------+-------++-------
Melee: Quarterstaff      |    69 |   112 |     2 ||   183
       Headbutt          |     3 |    15 |     3 ||    21
       Battleaxe         |       |       |    27 ||    27
Throw: Javelin           |       |     4 |     4 ||     8
       Dart              |       |     2 |     2 ||     4
       Throwing net      |       |       |     1 ||     1
Invok: Potion Petition   |       |       |     1 ||     1
  Use: Scroll            |     3 |     6 |       ||     9
       Potion            |       |     6 |     4 ||    10
 Stab: Sleeping          |     1 |       |       ||     1
       Distracted        |       |     1 |       ||     1
  Eat: Chunk             |     3 |       |       ||     3
       Ration            |       |     2 |       ||     2
Armor: Leather armour    |     9 |    20 |       ||    29
       Robe              |     4 |       |       ||     4
       Ring mail         |       |    17 |    13 ||    30
Dodge: Dodged            |    69 |    91 |    30 ||   190
